 Dungeon Crawl Stone Soup version 0.14-a0-2730-g72a2965 (webtiles) character file.

969 Jenx the Cleaver (level 7, -4/57 HPs)
             Began as a Hill Orc Abyssal Knight on Feb 20, 2014.
             Was an Elder of Lugonu.
             Slain by an orc warrior
             ... wielding a +1,+2 orcish trident
              (5 damage)
             ... while paralysed by a potion of paralysis
             ... on Level 5 of the Dungeon.
             The game lasted 00:13:21 (4190 turns).

Jenx the Cleaver (Hill Orc Abyssal Knight)          Turns: 4190, Time: 00:13:21

HP  -4/57        AC  8     Str 16      XL: 7   Next: 64%
MP  14/14        EV  2     Int 13      God: Lugonu [****..]
Gold 276         SH  0     Dex 12      Spells:  0 memorised,  6 levels left

rFire  + . .     SeeInvis .     a - +2 orc hand axe
rCold  . . .     Clarity  .     A - +1 ring mail {rF+} (curse)
rNeg   . . .     Conserve .     (no shield)
rPois  .         rCorr    .     (no helmet)
rElec  .         rRot     .     E - +0 cloak
SustAb . .       Spirit   .     (no gloves)
rMut   .         Warding  .     i - +0 pair of orc boots
Saprov + . .     Stasis   .     (no amulet)
MR     .....                    (no ring)
                                H - +2 ring of dexterity

@: paralysed, very slightly contaminated, hasted, not resistant to hostile
enchantments, extremely unstealthy
A: saprovore 1
a: Depart the Abyss, Bend Space, Banish, Corrupt, Renounce Religion


You were on level 5 of the Dungeon.
You worshipped Lugonu.
Lugonu was greatly pleased with you.
You were not hungry.

You visited 2 branches of the dungeon, and saw 6 of its levels.
You visited the Abyss 1 time.

You collected 276 gold pieces.

Inventory:

Hand weapons
 a - a +2,+2 orcish hand axe (weapon)
 q - a +1,+1 elven short sword of flaming
Missiles
 C - 2 javelins of penetration
 G - 4 steel javelins (quivered)
Armour
 i - a +0 pair of orcish boots (worn)
 A - a cursed +1 ring mail of fire resistance (worn)
 E - a +0 cloak (worn)
Magical devices
 D - a wand of cold (7)
Comestibles
 c - a meat ration
 I - a rotting chunk of worker ant flesh
Scrolls
 f - 3 scrolls of fog {unknown}
 g - a scroll of amnesia {unknown}
 j - a scroll of immolation {unknown}
 k - a scroll of enchant weapon II {unknown}
 l - 2 scrolls of random uselessness {unknown}
 m - a scroll of fear {unknown}
 o - 2 scrolls of remove curse
 p - a scroll of blinking {unknown}
 s - 2 scrolls of teleportation
 t - a scroll of enchant armour {unknown}
 v - a scroll of enchant weapon I {unknown}
 w - a scroll of magic mapping
 x - a scroll of recharging {unknown}
 y - a scroll of identify
 z - a scroll of curse weapon {unknown}
Jewellery
 H - a +2 ring of dexterity (left hand)
Potions
 b - 2 potions of agility {unknown}
 d - 2 potions of invisibility {unknown}
 e - a potion of might {unknown}
 h - 2 potions of paralysis
 n - 3 potions of speed
 r - a potion of mutation {unknown}
 u - 2 potions of brilliance {unknown}
 B - 2 potions of curing {unknown}
 F - a potion of restore abilities {unknown}


   Skills:
 - Level 3.6 Fighting
 * Level 9.5 Axes
 - Level 2.1 Armour
 - Level 0.7 Dodging
 + Level 5.9 Invocations


You had 6 spell levels left.
You didn't know any spells.

Dungeon Overview and Level Annotations

Branches:
Dungeon (5/16)             Temple (1/1) D:4

Altars:
Dithmenos
Makhleb
Okawaru
Yredelemnul
Zin


Innate Abilities, Weirdness & Mutations

You can tolerate rotten meat.


Message History

The bat hits you but does no damage. The orc barely misses you.
The orc warrior hits you with an orcish trident!
* * * LOW HITPOINT WARNING * * *
You closely miss the orc warrior.
The orc warrior is severely wounded.
The bat closely misses you.
Unknown command.
Drink which item? (? for menu, Esc to quit)
You feel yourself speed up.
It was a potion of speed.
The bat hits you but does no damage.
The orc warrior hits you with an orcish trident.
* * * LOW HITPOINT WARNING * * *
The orc hits you with an orcish hand axe.
* * * LOW HITPOINT WARNING * * *
You are very lightly contaminated with residual magic.
Drink which item? (? for menu, Esc to quit)
You suddenly lose the ability to move!
It was a potion of paralysis.
The bat hits you but does no damage.
The orc warrior hits you with an orcish trident.
You die...

.........
#..........
#.?...!.....
#...........#
#...........#
#...........#
#......!....#
#...o<......#
#...@.......#
#...ob......#
#..(........#
#...........#
#...........
#..........
##########


You could see an orc warrior, an orc and a bat.

Vanquished Creatures
  Menkaure (D:4)
  3 orc priests
  A hound (D:4)
  2 iguanas (D:4)
  A scorpion (D:4)
  2 worker ants
  3 orc wizards (D:3)
  2 gnolls
  8 adders
  4 worms
  A giant eyeball (D:4)
  2 giant geckos (D:1)
  3 oozes
  17 orcs
  2 ball pythons
  3 giant cockroaches
  17 goblins
  12 hobgoblins
  12 kobolds
  9 bats
  4 giant newts
  A hobgoblin skeleton (D:4)
  7 jackals
  A quokka (D:2)
  A quokka skeleton (D:4)
  13 rats
132 creatures vanquished.

Notes
Turn   | Place    | Note
--------------------------------------------------------------
     0 | Abyss:1  | Jenx, the Hill Orc Abyssal Knight, began the quest for the Orb.
     0 | Abyss:1  | Reached XP level 1. HP: 19/19 MP: 1/1
    61 | D:1      | Escaped the Abyss
    73 | D:1      | Acquired Lugonu's first power
   279 | D:1      | Reached XP level 2. HP: 23/26 MP: 2/2
   344 | D:1      | Reached skill level 4 in Axes
   609 | D:1      | Reached XP level 3. HP: 23/31 MP: 4/4
   791 | D:1      | Acquired Lugonu's second power
  1024 | D:2      | Reached skill level 5 in Axes
  1354 | D:2      | Reached XP level 4. HP: 37/39 MP: 5/5
  1827 | D:2      | Acquired Lugonu's third power
  1852 | D:2      | Reached skill level 6 in Axes
  2193 | D:3      | Reached XP level 5. HP: 18/45 MP: 8/8
  2502 | D:3      | Reached skill level 7 in Axes
  2647 | D:3      | Reached XP level 6. HP: 45/51 MP: 11/11
  2856 | D:3      | Acquired Lugonu's fourth power
  3136 | D:4      | Reached skill level 8 in Axes
  3222 | D:4      | Reached skill level 5 in Invocations
  3228 | D:4      | Found a basalt altar of Yredelemnul.
  3269 | D:4      | Reached XP level 7. HP: 33/57 MP: 13/13
  3353 | D:4      | Paralysed by a giant eyeball for 3 turns
  3429 | D:4      | Found a shadowy altar of Dithmenos.
  3643 | D:4      | Found a staircase to the Ecumenical Temple.
  3701 | D:4      | Found an iron altar of Okawaru.
  3742 | Temple   | Entered the Ecumenical Temple
  3829 | D:4      | Reached skill level 9 in Axes
  3902 | D:4      | Noticed Menkaure
  3921 | D:4      | Killed Menkaure
  4179 | D:5      | Entered Level 5 of the Dungeon
  4189 | D:5      | HP: 1/57 [orc/orcish hand axe (2)]
  4190 | D:5      | Paralysed by a potion of paralysis for 4 turns
  4190 | D:5      | Slain by an orc warrior

Action                   |  1- 3 |  4- 6 |  7- 9 || total
-------------------------+-------+-------+-------++-------
Melee: Hand axe          |   107 |   235 |    73 ||   415
Throw: Dart              |     1 |     6 |     1 ||     8
       Javelin           |     1 |    28 |    13 ||    42
Invok: Depart the Abyss  |     1 |       |       ||     1
Evoke: Wand              |       |       |     1 ||     1
  Use: Scroll            |       |       |     4 ||     4
       Potion            |       |       |     2 ||     2
